 Dungeon Crawl Stone Soup version 0.28-a0-503-g83f2989fac (webtiles) character file.

Game seed: 6856594654556355965

5497 bande the Cleaver (level 10, -7/61 HPs)
             Began as a Gargoyle Fighter on Sept 21, 2021.
             Was a Priest of Okawaru.
             Mangled by a two-headed ogre (10 damage)
             ... on level 9 of the Dungeon.
             The game lasted 00:18:59 (8962 turns).

bande the Cleaver (Gargoyle Fighter)                Turns: 8962, Time: 00:18:59

Health: -7/61      AC: 26    Str: 20    XL:     10   Next: 70%
Magic:  10/10      EV:  6    Int:  9    God:    Okawaru [***...]
Gold:   371        SH:  5    Dex: 12    Spells: 9/9 levels left

rFire   . . .      SeeInvis +   i - +2 war axe (elec)
rCold   . . .      Faith    .   c - +0 buckler
rNeg    + . .      Spirit   .   C - +1 plate armour {rPois}
rPois   ∞          Reflect  .   (no helmet)
rElec   +          Harm     .   j - +1 cloak
rCorr   .          Rampage  .   y - +1 pair of gloves
Will    .....                   (no boots)
Stlth   ..........              w - amulet of regeneration
HPRegen 1.20/turn               b - ring of see invisible
MPRegen 0.12/turn               (no ring)

@: unable to read
A: sickness immunity, AC +7, negative energy resistance 1, electricity
resistance, torment resistance 1, petrification resistance, wild magic 1,
inability to read while threatened
a: Renounce Religion, Heroism


You were on level 9 of the Dungeon.
You worshipped Okawaru.
Okawaru was most pleased with you.
You visited 2 branches of the dungeon, and saw 10 of its levels.
You also visited: Sewer.

You collected 371 gold pieces.

Inventory:

Hand Weapons
 a - a +1 war axe
 i - a +2 war axe of electrocution (weapon)
 l - a +3 flail of freezing
Missiles
 g - 4 throwing nets (quivered)
Armour
 c - a +0 buckler (worn)
 j - a +1 cloak (worn)
 q - a +0 kite shield
 y - a +1 pair of gloves (worn)
 B - a +1 scale mail of willpower
 C - a +1 plate armour of poison resistance (worn)
Jewellery
 b - a ring of see invisible (left hand)
 w - an amulet of regeneration (around neck)
Wands
 k - a wand of polymorph (3)
 m - a wand of flame (31)
 n - a wand of paralysis (7)
 t - a wand of digging (22)
 u - a wand of iceblast (12)
Scrolls
 e - 2 scrolls of amnesia
 p - 2 scrolls of teleportation
 r - 2 scrolls of identify
 x - a scroll of enchant armour
Potions
 d - 4 potions of might
 f - 8 potions of curing
 h - 2 potions of lignification
 o - a potion of haste
 s - 2 potions of cancellation
 v - 2 potions of magic
 z - a potion of berserk rage
 A - a potion of flight


   Skills:
 + Level 6.8 Fighting
 + Level 10.0 Axes
 + Level 8.0 Armour
 + Level 6.0 Shields
 * Level 0.4 Invocations
 * Level 5.1 Evocations


You had 9 spell levels left.
You didn't know any spells.
Your spell library contained the following spells:

 Spells                   Type           Power      Damage    Failure   Level
 Foxfire                  Conj/Fire      0%         2x1d4     100%        1
 Conjure Flame            Conj/Fire      0%         6-21      100%        3
 Inner Flame              Hex/Fire       0%         N/A       100%        3
 Flame Wave               Conj/Fire      0%         3d3       100%        4


Dungeon Overview and Level Annotations

Branches:
Dungeon (9/15)             Temple (1/1) D:6           Sewer (visited)
   Lair: D:8-11         Orc: D:9-12

Altars:
Ashenzari
Dithmenos
Elyvilon
Fedhas
Gozag
Hepliaklqana
Kikubaaqudgha
Nemelex Xobeh
Okawaru
Qazlal
Ru
Sif Muna
Trog
Uskayaw
Vehumet
Xom
Yredelemnul
Zin
The Shining One

Shops:
D:2 [   D:9 =


Innate Abilities, Weirdness & Mutations

You are immune to sickness and miasma.
Your stone body is resilient. (AC +7)
You are immune to poison.
You resist negative energy. (rN+)
You are resistant to electric shocks. (rElec)
You are resistant to unholy torment.
You are immune to petrification.
Your spells are a little harder to cast, but a little more powerful.
You sometimes lose the ability to read scrolls when taking damage.


Message History

The two-headed ogre shouts in stereo!
The two-headed ogre hits you with a +0 giant club!
You block the two-headed ogre's attack.
You slash the two-headed ogre!
The two-headed ogre is moderately wounded.
The two-headed ogre hits you with a +0 giant club!!
You feel threatened and lose the ability to read scrolls!
The two-headed ogre hits you with a +0 giant club.
You are too injured to fight recklessly!
You are too injured to fight recklessly!
You are too injured to fight recklessly!
You are too injured to fight recklessly!
You are too injured to fight recklessly!
You are too injured to fight recklessly!
You are too injured to fight recklessly!
You are too injured to fight recklessly!
You are too injured to fight recklessly!
You are too injured to fight recklessly!
Your plate armour prevents you from hitting the two-headed ogre.
The two-headed ogre is moderately wounded.
You hit the two-headed ogre.
The two-headed ogre is moderately wounded.
The two-headed ogre barely misses you.
The two-headed ogre hits you with a +0 giant club.
You hit the two-headed ogre but do no damage.
The two-headed ogre is moderately wounded.
The two-headed ogre completely misses you.
The two-headed ogre hits you but does no damage.
You hit the two-headed ogre but do no damage.
Lightning courses through the two-headed ogre!
The two-headed ogre is heavily wounded.
The two-headed ogre hits you but does no damage.
The two-headed ogre hits you with a +0 giant club!
* * * LOW HITPOINT WARNING * * *
You hit the two-headed ogre.
The two-headed ogre is severely wounded.
The two-headed ogre hits you with a +0 giant club!
* * * LOW HITPOINT WARNING * * *
The two-headed ogre hits you with a +0 giant club!
You die...

#####.(......#
##...#.#'####.)
#......#≈≈≈ #..
#......#≈>_≈#.. ##
#######.....#≈8.§#..
...##....##.....#≈≈≈≈#..
................######..
.............>..........
......O@.............#..
...###...##..###.....##.
#...##### #.....##.
##### #####.... #....
#.... #.... #..#. #####


You could see a two-headed ogre.

Vanquished Creatures
  Harold (D:7)
  Pikel (D:4)
  Joseph (D:7)
  Grinder (D:4)
  A meliai zombie (D:6)
  Eustachio (D:4)
  Menkaure (D:6)
  A water moccasin (D:6)
  Duvessa (D:5)
  Purgy (Sewer)
  3 orc warriors
  A sky beast (D:6)
  An ice beast (D:3)
  A necrophage (D:8)
  A black bear (D:4)
  3 ogres
  2 centaurs
  A lemure (D:4)
  A phantom (D:6)
  A kobold brigand (D:7)
  3 wyvern zombies
  A bullfrog (D:7)
  2 scorpions
  Dowan (D:5)
  11 killer bees
  5 wights (D:7)
  2 centaur zombies
  A bullfrog zombie (D:5)
  Crazy Yiuf (D:3)
  A hound (D:3)
  3 orc priests
  A gnoll shaman (D:6)
  An iguana (D:5)
  4 orc wizards
  A killer bee zombie (D:6)
  A hound skeleton (D:4)
  A howler monkey zombie (D:5)
  A howler monkey skeleton (D:7)
  7 gnolls
  9 adders
  A shadow imp (D:5)
  3 white imps
  4 ufetubi
  A worm (D:2)
  A dart slug (D:2)
  15 orcs
  16 endoplasms
  5 giant cockroaches
  10 hobgoblins
  8 jackals
  10 quokkas
  5 ball pythons
  5 bats
  2 frilled lizards
  8 goblins
  15 kobolds
  5 rats
196 creatures vanquished.

Notes
Turn   | Place    | Note
-------+----------+-------------------------------------------
     0 | D:1      | bande the Gargoyle Fighter began the quest for the Orb.
     0 | D:1      | Reached XP level 1. HP: 14/14 MP: 1/1
   163 | D:1      | Reached XP level 2. HP: 13/19 MP: 2/2
   728 | D:1      | Reached XP level 3. HP: 22/23 MP: 3/3
   845 | D:1      | Reached skill level 2 in Axes
  1179 | D:2      | Found Zeoffah's Armour Emporium.
  1228 | D:2      | Found a faded altar of an unknown god.
  1314 | D:2      | Reached XP level 4. HP: 24/29 MP: 4/4
  1671 | D:3      | Identified a scroll of acquirement
  1671 | D:3      | Acquired a +2 war axe of electrocution
  1853 | D:3      | Noticed an ice beast
  1862 | D:3      | Killed an ice beast
  1863 | D:3      | Reached skill level 3 in Axes
  1863 | D:3      | Reached XP level 5. HP: 7/33 MP: 5/5
  2140 | D:3      | Found a runed translucent door.
  2141 | D:3      | Noticed Crazy Yiuf
  2462 | D:3      | Reached skill level 4 in Axes
  2462 | D:3      | Reached XP level 6. HP: 38/38 MP: 6/6
  2475 | D:3      | Found a radiant altar of Vehumet.
  2475 | D:3      | Found an ancient bone altar of Kikubaaqudgha.
  2608 | D:3      | Killed Crazy Yiuf
  2740 | D:4      | Noticed Eustachio
  2752 | D:4      | Killed Eustachio
  2763 | D:4      | Noticed Pikel
  2775 | D:4      | Killed Pikel
  2776 | D:4      | Reached skill level 6 in Axes
  2776 | D:4      | Reached skill level 5 in Armour
  2776 | D:4      | Reached XP level 7. HP: 16/44 MP: 7/7
  2776 | D:4      | Reached XP level 8. HP: 18/48 MP: 8/8
  2799 | D:4      | Found a shimmering altar of Xom.
  2913 | D:4      | Found a shadowy altar of Dithmenos.
  2998 | D:4      | Noticed Grinder
  2999 | D:4      | Paralysed by Grinder for 7 turns
  3013 | D:4      | Killed Grinder
  3014 | D:4      | Reached skill level 1 in Evocations
  3101 | D:4      | Reached skill level 5 in Fighting
  3101 | D:4      | Reached skill level 7 in Axes
  3134 | D:4      | Found a hazy altar of Hepliaklqana.
  3253 | D:4      | Found a glowing drain.
  3263 | Sewer    | Entered a sewer
  3421 | Sewer    | Noticed Purgy
  3429 | Sewer    | Killed Purgy
  3897 | D:5      | Entered Level 5 of the Dungeon
  3915 | D:5      | Noticed Dowan
  3915 | D:5      | Noticed Duvessa
  3921 | D:5      | Killed Duvessa
  3922 | D:5      | Reached skill level 5 in Shields
  3925 | D:5      | Killed Dowan
  3954 | D:5      | Gained mutation: Your spells are a little harder to cast,
                  | but a little more powerful. [potion of mutation]
  3954 | D:5      | Gained mutation: You sometimes lose the ability to read
                  | scrolls when taking damage. [potion of mutation]
  4095 | D:5      | Found a shimmering blue altar of Sif Muna.
  4122 | D:5      | Reached XP level 9. HP: 54/54 MP: 9/9
  4926 | D:6      | Found a staircase to the Ecumenical Temple.
  4954 | Temple   | Entered the Ecumenical Temple
  5034 | Temple   | Became a worshipper of Warmaster Okawaru
  5253 | D:6      | Noticed Menkaure
  5257 | D:6      | Reached skill level 8 in Axes
  5264 | D:6      | Killed Menkaure
  5528 | D:6      | Reached * piety under Okawaru
  6002 | D:6      | Found a sacrificial altar of Ru.
  6260 | D:7      | Noticed Harold
  6276 | D:7      | Killed Harold
  6276 | D:7      | Reached ** piety under Okawaru
  6277 | D:7      | Reached skill level 9 in Axes
  6277 | D:7      | Reached XP level 10. HP: 22/60 MP: 10/10
  6518 | D:7      | Noticed Joseph
  6544 | D:7      | Killed Joseph
  7755 | D:8      | Found a white marble altar of Elyvilon.
  8109 | D:8      | Found a bloodstained altar of Trog.
  8484 | D:8      | Found a glowing golden altar of the Shining One.
  8804 | D:8      | Reached skill level 5 in Evocations
  8839 | D:8      | Reached *** piety under Okawaru
  8851 | D:9      | Reached skill level 10 in Axes
  8872 | D:9      | Found Umuguum's Jewellery Shop.
  8903 | D:9      | Found a hide-covered altar of Uskayaw.
  8953 | D:9      | Noticed a two-headed ogre
  8962 | D:9      | HP: 3/61 [two-headed ogre (14)]
  8962 | D:9      | Mangled by a two-headed ogre

Illustrated notes

Levels and vault maps discovered:
D:1:      tarquinn_simple_flora_water_a, layout_basic
D:2:      layout_rooms, serial_shops, nicolae_square_shop,
          hellmonk_ecumenical_altar_crossroads
D:3:      layout_basic, gammafunk_temple_overflow_elements,
          uniq_crazy_yiuf_cottage
D:4:      layout_cave_pools, nicolae_overflow_crystal_walls,
          mainiacjoe_overflow_surrounded_room,
          nicolae_dithmenos_through_a_glass_darkly, gup_sewer_entry_bubbles,
          chequers_serial_rivers_small_b, uniq_eustachio, uniq_grinder,
          uniq_pikel
D:5:      layout_loops_cross, led_sif_book, uniq_duvessa
D:6:      layout_cave_pools, lemuel_tele_altar, minmay_temple_entry_hall,
          uniq_menkaure
D:7:      layout_gridville, minmay_starry_boxes, uniq_joseph, uniq_harold
D:8:      layout_layer_cave, trog_hazing_becter, tso_altar, elyvilon_altar_4
D:9:      layout_gridville, general_overflow_altar, david_orc_4, serial_shops,
          shop, shop, nicolae_inconvenience_store, nicolae_shop_window_shopping
Temple:   compressed_dpeg_triangle_lava_temple

Skill      XL: |  1  2  3  4  5  6  7  8  9 10 |
---------------+-------------------------------+-----
Axes           | 2 3 4 6 7 9 10 | 10.0
Armour         | 4 5 7 8 |  8.0
Shields        | 4 5 6 |  6.0
Fighting       | 4 5 6 |  6.8
Evocations     | 2 4 5 |  5.1
Invocations    | |  0.4

Action                   |  1- 3 |  4- 6 |  7- 9 | 10-12 || total
-------------------------+-------+-------+-------+-------++-------
Melee: War axe           |   102 |    79 |   188 |   152 ||   521
  Use: Scroll            |     2 |     5 |     8 |     1 ||    16
       Potion            |       |     1 |     3 |       ||     4
Armor: Scale mail        |    58 |    32 |   118 |   124 ||   332
       Skin              |       |    22 |       |       ||    22
       Chain mail        |       |       |    14 |       ||    14
       Plate armour      |       |       |       |     5 ||     5
Dodge: Dodged            |    74 |    28 |    94 |   100 ||   296
Block: Buckler           |    16 |    20 |    53 |    55 ||   144

Table legend: (Time is in decaauts)
 A = Elapsed time spent in this place.
 B = Non-inter-level travel time spent in this place.
 C = Inter-level travel time spent in this place.
 D = Time resting spent in this place.
 E = Time spent auto-exploring this place.
 F = Levels seen in this place.
 G = Mean time per level.
                   A        B        C        D        E       F      G
               +--------+--------+--------+--------+--------+-----+--------+
         Total |   9101 |   8829 |    272 |   1312 |   5441 |  11 |  827.4 |
       Dungeon |   8707 |   8435 |    272 |   1213 |   5240 |   9 |  967.4 |
        Temple |    100 |    100 |      0 |      0 |     58 |   1 |  100.0 |
         Sewer |    292 |    292 |      0 |     99 |    143 |   1 |  292.0 |
               +--------+--------+--------+--------+--------+-----+--------+

Top non-repeatable levels by time:
     D:7: 1461 daAuts
     D:8: 1218 daAuts
     D:6: 1117 daAuts
     D:3: 1085 daAuts
     D:1: 1074 daAuts
     D:5: 1057 daAuts
     D:4: 924 daAuts
     D:2: 641 daAuts
   Sewer: 292 daAuts
     D:9: 127 daAuts
  Temple: 100 daAuts
